 Dungeon Crawl Stone Soup version 0.30-a0-779-g7971cf19c3 (webtiles) character file.

Game seed: 4302315901443091145

1 Esekla the Sneak (level 1, 16/16 HPs)
             Began as an Octopode Delver on Feb 17, 2023.
             Quit the game on level 5 of the Dungeon.
             The game lasted 00:02:35 (220 turns).

Esekla the Sneak (Octopode Delver)                   Turns: 220, Time: 00:02:35

Health: 16/16      AC:  1    Str: 11    XL:     1   Next: 20%
Magic:  1/1        EV: 13    Int: 12    God:
Gold:   12         SH:  0    Dex: 13    Spells: 0/0 levels left

rFire   . . .      SeeInvis .    a - +0 falchion
rCold   . . .      Faith    .    (no shield)
rNeg    . . .      Spirit   .    (helmet restricted)
rPois   .          Reflect  .    (no amulet)
rElec   .          Harm     .    (no ring)
rCorr   .          Rampage  .    (no ring)
Will    .....                    (no ring)
Stlth   ++++                     (no ring)
HPRegen 0.22/turn                (no ring)
MPRegen 0.07/turn                (no ring)
                                 (no ring)
                                 (no ring)

@: no status effects
A: almost no armour, amphibious, 8 rings, camouflage 1, gelatinous body 1,
(nimble swimmer 1), tentacles
a: no special abilities


You were on level 5 of the Dungeon.
You visited 1 branch of the dungeon, and saw 1 of its levels.

You collected 12 gold pieces.

Inventory:

Hand Weapons
 a - a +0 falchion (weapon)
Wands
 f - a wand of digging (3)
Scrolls
 b - 2 scrolls of fog
 d - 2 scrolls of fear
Potions
 e - a potion of haste


   Skills:
 * Level 3.0 Fighting
 * Level 2.0 Long Blades
 * Level 2.0 Dodging
 + Level 6.6 Stealth


You couldn't memorise any spells.
You didn't know any spells.
Your spell library contained the following spells:

 Spells                   Type           Power      Damage    Failure   Level
 Cigotuvi's Dreadful Rot  Necr/Pois/Air  0%         N/A       45%         2
 Dispel Undead            Necr           0%         3d6       97%         4
 Death Channel            Necr           0%         N/A       100%        6


Dungeon Overview and Level Annotations

Branches:
Dungeon (5/15)
 Temple: D:4-7

Altars:
Nemelex Xobeh


Innate Abilities, Weirdness & Mutations

You cannot wear most types of armour.
You are amphibious.
You can wear up to eight rings at the same time.
Your skin changes colour to match your surroundings (Stealth+).
Your rubbery body absorbs attacks. (AC +1, EV +1)
((You are camouflaged when in or above water. (Stealth+)))
You have tentacles for arms and can constrict up to eight enemies at once.


Message History

Are you destined to find the terrific Orb of Zot, or to die trying?
Press ? for a list of commands and other information.
Found a scroll of fear and a book of Decay.
Found a stone staircase leading down.
You pick up a book of Decay and begin reading...
You add the spells Cigotuvi's Dreadful Rot, Dispel Undead and Death Channel to your library.
There is a stone staircase leading down here.
Found a stone staircase leading down.
d - 2 scrolls of fear (gained 1)
As you read the scroll of magic mapping, it crumbles to dust.
You feel aware of your surroundings.
You sensed 1 altar.
An adder comes into view.
Found a grey potion.
A black bear comes into view.
Found a scroll of fog.
b - 2 scrolls of fog (gained 1)
Found 12 gold pieces.
A white imp comes into view.
You see here 12 gold pieces.
You now have 12 gold pieces.
Found a ring mail.
Found a halberd.
Found a robe.
You see here a +0 robe.
You see here a +0 robe.
A quokka comes into view.
You barely miss the quokka. Your grab misses the quokka.
The quokka completely misses you.
You hit the quokka. You grab the quokka.
You squeeze the quokka, but do no damage.
The quokka is moderately wounded.
You constrict the quokka. The quokka barely misses you.
You hit the quokka.
You kill the quokka!
Found a plate armour.
You open the door.
Found a sparkling altar of Nemelex Xobeh.
Found an escape hatch in the floor.
There is an open door here.
Are you sure you want to abandon this character and quit the game? (Confirm with "yes".)

****~~~*,#.#.# *~,~*,#[#.#
*~~~*,#...# *~~~*,##..#
*~~~#.##..######
*~~~#..........##
**+*#..######...#
*,,,#..#≈≈≈≈'...#
**,,#.,#≈_.≈#@#.#******
**,..,#≈>8≈#.#...,,,,*
******##<,#≈≈≈≈#.[,###**,*
,,,,,,,,,,######.##* *,*
*******,,,,,,,,..# *,*
*******,,**,***### *,*
,,,,,,,,,**,*** ******,*
*******,*,,,,,* *,,,,,,*
*,*,,,<,* *,******


There were no monsters in sight!

Vanquished Creatures
  A quokka (D:5)
1 creature vanquished.

Notes
Turn   | Place    | Note
-------+----------+-------------------------------------------
     0 | D:5      | Esekla the Octopode Delver began the quest for the Orb.
     0 | D:5      | Reached XP level 1. HP: 16/16 MP: 1/1
    38 | D:5      | Noticed a black bear
   217 | D:5      | Found a sparkling altar of Nemelex Xobeh.
   220 | D:5      | Quit the game

Illustrated notes

Levels and vault maps discovered:
D:5:      layout_loops_ring, general_overflow_altar, ebering_ghost_sewer_f,
          uniq_menkaure

Action                     || total
---------------------------++-------
  Melee: Falchion          ||     3
         Constrict         ||     1
         Tentacles         ||     1
    Use: Scroll            ||     1
  Dodge: Dodged            ||     2

Table legend: (Time is in decaauts)
 A = Elapsed time spent in this place.
 B = Non-inter-level travel time spent in this place.
 C = Inter-level travel time spent in this place.
 D = Time resting spent in this place.
 E = Time spent auto-exploring this place.
 F = Levels seen in this place.
 G = Mean time per level.
                   A        B        C        D        E       F      G
               +--------+--------+--------+--------+--------+-----+--------+
         Total |    220 |    220 |      0 |      0 |      0 |   1 |  220.0 |
       Dungeon |    220 |    220 |      0 |      0 |      0 |   1 |  220.0 |
               +--------+--------+--------+--------+--------+-----+--------+

Top non-repeatable levels by time:
     D:5: 220 daAuts
